 Dungeon Crawl Stone Soup version 0.30-a0-465-g8901f6c8b5 (webtiles) character file.

Game seed: 11961659956788981636

431 kurumiz the Poker (level 6, -10/52 HPs)
             Began as a Minotaur Gladiator on Dec 18, 2022.
             Was an Initiate of Trog.
             Mangled by an ogre
             ... wielding a +0 giant club
              (27 damage)
             ... on level 4 of the Dungeon.
             The game lasted 00:10:11 (3480 turns).

kurumiz the Poker (Minotaur Gladiator)              Turns: 3480, Time: 00:10:12

Health: -10/52     AC:  5    Str: 21    XL:     6   Next: 67%
Magic:  5/5        EV: 12    Int:  5    God:    Trog [......]
Gold:   222        SH:  0    Dex: 11    Spells: 5/5 levels left

rFire   . . .      SeeInvis .    a - +0 trident
rCold   . . .      Faith    .    (no shield)
rNeg    . . .      Spirit   .    b - +0 leather armour
rPois   .          Reflect  .    c - +0 hat
rElec   .          Harm     .    (no cloak)
rCorr   .          Rampage  .    (no gloves)
Will    .....      Clarity  +    j - +1 pair of boots
Stlth   +.........               (no amulet)
HPRegen 0.28/turn                (no ring)
MPRegen 0.09/turn                (no ring)

@: no status effects
A: horns 2, retaliatory headbutt, clarity
a: Renounce Religion


You were on level 4 of the Dungeon.
You worshipped Trog.
Trog was noncommittal.
You visited 1 branch of the dungeon, and saw 5 of its levels.

You collected 222 gold pieces.

Inventory:

Hand Weapons
 a - a +0 trident (weapon)
 i - a +2 dagger of speed
 s - a +1 flail of protection
 z - a +0 dagger
Missiles
 d - 2 throwing nets (quivered)
 e - a javelin
Armour
 b - a +0 leather armour (worn)
 c - a +0 hat (worn)
 j - a +1 pair of boots (worn)
 y - a +0 leather armour
 B - a +0 scale mail
Jewellery
 m - a ring of flight
Wands
 w - a wand of flame (12)
Scrolls
 h - a scroll of vulnerability {unknown}
 q - a scroll of immolation {unknown}
 r - a scroll of poison {unknown}
 u - a scroll of identify {unknown}
 v - a scroll of amnesia {unknown}
 A - a scroll of blinking {unknown}
Potions
 f - a potion of heal wounds {unknown}
 g - a potion of mutation
 k - a potion of flight {unknown}
 l - 4 potions of curing {unknown}
 n - a potion of lignification {unknown}
 o - 2 potions of berserk rage
 t - a potion of magic {unknown}
 x - a potion of brilliance {unknown}


   Skills:
 + Level 3.8 Fighting
 + Level 6.8 Polearms
 + Level 2.1 Throwing
 + Level 2.9 Armour
 + Level 4.3 Dodging
 + Level 1.2 Stealth


You had 5 spell levels left.
You didn't know any spells.
Your spell library contained the following spells:

 Spells                   Type           Power      Damage    Failure   Level
 Magic Dart               Conj           0%         1d3       52%         1
 Sandblast                Erth           0%         2d4       52%         1
 Call Imp                 Summ           0%         N/A       67%         2
 Passwall                 Tmut/Erth      0%         N/A       67%         2
 Mephitic Cloud           Conj/Pois/Air  0%         N/A       88%         3
 Stone Arrow              Conj/Erth      0%         3d7       88%         3
 Petrify                  Tmut/Erth      0%         N/A       99%         4
 Metabolic Englaciation   Hex/Ice        0%         N/A       100%        5
 Statue Form              Tmut/Erth      0%         N/A       100%        6


Dungeon Overview and Level Annotations

Branches:
Dungeon (5/15)             Temple (0/1) D:4

Altars:
Trog
Wu Jian
Yredelemnul
Zin


Innate Abilities, Weirdness & Mutations

You have a pair of horns on your head.
You reflexively headbutt those who attack you in melee.
You possess an exceptional clarity of mind.


Message History

* * * LOW HITPOINT WARNING * * *
A quokka comes into view.
The water moccasin closely misses you.
You feel yourself speed up. The water moccasin closely misses you.
Found a short sword.
The water moccasin bites you.
* * * LOW HITPOINT WARNING * * *
An ogre comes into view. It is wielding a +0 giant club.
The ogre shouts!
Your extra speed is starting to run out.
There is an ornate altar of the Wu Jian Council here.
You hear the brisk hiss of an avalanche of sand nearby.
You feel yourself slow down.
There is a stone staircase leading down here.
There is a stone staircase leading up here.
You climb upwards.
There is a stone staircase leading down here.
You climb downwards.
You hear the hiss of flowing sand.
There is an entrance to an ossuary on this level.
Hurry and find it before the portal is buried!
You hear the quick hiss of a distant avalanche of sand.
There is a stone staircase leading up here.
You miss the quokka. Your headbutt misses the quokka. The quokka bites you.
You puncture the quokka!
You kill the quokka!
Trog accepts your kill.
Okay, then.
The ogre hits you with a +0 giant club!!
Ouch! That really hurt!
You climb upwards.
There is a stone staircase leading down here.
The ogre attacks as you move away! The ogre closely misses you.
The ogre attacks as you move away! The ogre completely misses you.
You furiously retaliate!
You headbutt the ogre! The ogre attacks as you move away!
The ogre hits you with a +0 giant club!
* * * LOW HITPOINT WARNING * * *
The ogre attacks as you move away!
The ogre hits you with a +0 giant club!!
Ouch! That really hurt!
You die...

#.......................#.#.#
#...#######.#.#.#.#.##..#.#.#
#...# #.....#.#.##..#.#.##
#>..#######.###.#.#.##..#.#...
#...........# #...#.##........
#...........###......>....###.
#.#####.............##.##.###.
#.# #######.########.[.#....
#.# #@# ####.####
#.###########O# #.#
#.............# #)#
############### #.# #.#
##.#### #>..... ##.#### #.####


You could see an ogre.

Vanquished Creatures
  A scorpion (D:4)
  2 hounds
  2 orc priests
  A jelly (D:5)
  An orc wizard (D:2)
  4 gnolls
  5 adders
  2 worms
  3 dart slugs
  7 orcs
  4 ball pythons
  7 bats
  5 endoplasms
  4 giant cockroaches
  7 hobgoblins
  8 jackals
  9 kobolds
  5 quokkas
  3 frilled lizards
  16 goblins
  4 rats
100 creatures vanquished.

Vanquished Creatures (others)
  3 fungi (D:3)
3 creatures vanquished.

Grand Total: 103 creatures vanquished

Notes
Turn   | Place    | Note
-------+----------+-------------------------------------------
     0 | D:1      | kurumiz the Minotaur Gladiator began the quest for the Orb.
     0 | D:1      | Reached XP level 1. HP: 18/18 MP: 0/0
    75 | D:1      | Reached skill level 4 in Polearms
    77 | D:1      | Reached XP level 2. HP: 22/25 MP: 1/1
   304 | D:1      | Reached XP level 3. HP: 29/30 MP: 2/2
   594 | D:2      | Reached skill level 1 in Armour
   664 | D:2      | Reached XP level 4. HP: 35/37 MP: 3/3
   715 | D:2      | Reached skill level 5 in Polearms
   787 | D:2      | Found a bloodstained altar of Trog.
  1230 | D:2      | Gained mutation: You possess an exceptional clarity of
                  | mind. [potion of mutation]
  1448 | D:3      | Found a glowing silver altar of Zin.
  1632 | D:2      | Reached XP level 5. HP: 38/45 MP: 4/4
  1786 | D:3      | Found a bloodstained altar of Trog.
  1790 | D:3      | Became a worshipper of Trog the Wrathful
  2108 | D:4      | Reached skill level 6 in Polearms
  2239 | D:4      | Reached skill level 1 in Stealth
  2243 | D:4      | Reached XP level 6. HP: 40/51 MP: 5/5
  2463 | D:4      | Found a staircase to the Ecumenical Temple.
  2563 | D:4      | Found a basalt altar of Yredelemnul.
  2853 | D:5      | Entered Level 5 of the Dungeon
  2853 | D:5      | Noticed an ice beast
  3023 | D:5      | Found an ornate altar of the Wu Jian Council.
  3291 | D:5      | Noticed a water moccasin
  3480 | D:4      | Mangled by an ogre

Illustrated notes

Levels and vault maps discovered:
D:1:      roderic_chinese_lattice_arrival, layout_rooms
D:2:      cheibrodos_greedy_goblins, layout_basic, basic_altar
D:3:      layout_basic, lightli_temple_of_fire,
          mainiacjoe_overflow_cross_hatched
D:4:      layout_loops_ring, yredelemnul_altar_generic,
          minmay_temple_entry_proselytizer, minivault_26
D:5:      layout_loops_cross, mainiacjoe_overflow_paths, enter_ossuary_2,
          minmay_holes

Skill      XL: |  1  2  3  4  5 |
---------------+----------------+-----
Polearms       | 4 5 6 |  6.8
Armour         | 1 2 |  2.9
Fighting       | 3 |  3.8
Dodging        | 4 |  4.3
Stealth        | 1 |  1.2
Throwing       | |  2.1

Action                   |  1- 3 |  4- 6 || total
-------------------------+-------+-------++-------
Melee: Trident           |    97 |   143 ||   240
       Headbutt          |     4 |    21 ||    25
       Punch             |       |     1 ||     1
Throw: Throwing net      |     2 |       ||     2
  Use: Potion            |       |     4 ||     4
       Scroll            |       |     2 ||     2
 Stab: Sleeping          |       |     3 ||     3
Armor: Leather armour    |    14 |    30 ||    44
Dodge: Dodged            |    49 |    55 ||   104

Table legend: (Time is in decaauts)
 A = Elapsed time spent in this place.
 B = Non-inter-level travel time spent in this place.
 C = Inter-level travel time spent in this place.
 D = Time resting spent in this place.
 E = Time spent auto-exploring this place.
 F = Levels seen in this place.
 G = Mean time per level.
                   A        B        C        D        E       F      G
               +--------+--------+--------+--------+--------+-----+--------+
         Total |   3486 |   2963 |    523 |      0 |   2018 |   5 |  697.2 |
       Dungeon |   3486 |   2963 |    523 |      0 |   2018 |   5 |  697.2 |
               +--------+--------+--------+--------+--------+-----+--------+

Top non-repeatable levels by time:
     D:4: 1085 daAuts
     D:2: 1054 daAuts
     D:3: 578 daAuts
     D:1: 476 daAuts
     D:5: 292 daAuts
